 Dungeon Crawl Stone Soup version 0.30-a0-140-gd1020e658a (webtiles) character file.

Game seed: 6776324787257851103

303 ryw the Trooper (level 6, -1/50 HPs)
             Began as a Demonspawn Monk on Sept 24, 2022.
             Succumbed to a scorpion's poison
             ... on level 3 of the Dungeon.
             The game lasted 00:05:04 (3350 turns).

ryw the Trooper (Demonspawn Monk)                   Turns: 3350, Time: 00:05:04

Health: -1/50      AC:  4    Str: 14    XL:     6   Next: 15%
Magic:  6/6        EV: 12    Int: 11    God:
Gold:   131        SH:  0    Dex: 15    Spells: 5/5 levels left

rFire   + . .      SeeInvis .    g - +2 dagger (venom)
rCold   + . .      Faith    .    (no shield)
rNeg    . . .      Spirit   .    m - +1 robe {rC+ rF+}
rPois   .          Reflect  .    (helmet restricted)
rElec   .          Harm     .    (no cloak)
rCorr   .          Rampage  .    (no gloves)
Will    .....                    f - +0 pair of boots
Stlth   ++........               (no amulet)
HPRegen 0.16/turn                (no ring)
MPRegen 0.10/turn                (no ring)

@: lethally poisoned (-1 -> -22)
A: horns 1, spiny 2
a: no special abilities


You were on level 3 of the Dungeon.
You visited 1 branch of the dungeon, and saw 4 of its levels.

You collected 131 gold pieces.

Inventory:

Hand Weapons
 g - a +2 dagger of venom (weapon)
 i - a +2 scythe of protection
Missiles
 d - 42 stones (quivered)
 k - 6 boomerangs
 l - a throwing net
Armour
 f - a +0 pair of boots (worn)
 m - a +1 robe of resistance (worn)
Jewellery
 e - a ring of resist corrosion
Scrolls
 a - 2 scrolls of poison {unknown}
 c - 4 scrolls of teleportation {unknown}
 h - a scroll of noise {unknown}
 j - 2 scrolls of identify {unknown}
 p - a scroll of enchant weapon {unknown}
Potions
 b - a potion of ambrosia
 n - 2 potions of berserk rage {unknown}
 o - a potion of flight


   Skills:
 + Level 4.8 Fighting
 - Level 2.3 Armour
 - Level 2.6 Dodging
 - Level 1.7 Stealth
 - Level 4.5 Unarmed Combat


You had 5 spell levels left.
You didn't know any spells.
Your spell library contained the following spells:

 Spells                   Type           Power      Damage    Failure   Level
 Apportation              Tloc           0%         N/A       34%         1
 Foxfire                  Conj/Fire      0%         2x1d4     34%         1
 Necrotise                Necr           0%         1d4       34%         1
 Summon Small Mammal      Summ           0%         N/A       34%         1
 Inner Flame              Hex/Fire       0%         N/A       71%         3
 Kindle Blastsparks       Fire/Tloc/Air  0%         2d10      71%         3
 Flame Wave               Conj/Fire      0%         2d4       98%         4
 Alistair's Intoxication  Tmut/Pois      0%         N/A       100%        5


Dungeon Overview and Level Annotations

Branches:
Dungeon (4/15)
 Temple: D:4-7

Altars:
Makhleb
Qazlal
Wu Jian

Shops:
D:2 *

Annotations:
D:4 Ijyb


Innate Abilities, Weirdness & Mutations

You have a pair of small horns on your head.
You are mostly covered in sharp spines.


Message History

You feel very sick.
There is a stone staircase leading down here.
Unknown command.
You closely miss the scorpion.
You feel sick. The scorpion is struck by your spines.
The scorpion stings you but does no damage.
The scorpion stings you.
You hit the scorpion but do no damage.
You punch the scorpion, but do no damage.
The scorpion is lightly wounded.
You feel sick. The scorpion stings you.
You are more poisoned.
The scorpion poisons you!
You hit the scorpion.
The scorpion is poisoned.
You headbutt the scorpion, but do no damage.
The scorpion is moderately wounded.
You feel very sick. The scorpion is struck by your spines.
The scorpion stings you.
You are lethally poisoned!
The scorpion poisons you!
Okay, then.
Unknown command.
You closely miss the scorpion.
The scorpion is heavily wounded.
* * * LOW HITPOINT WARNING * * *
You feel very sick. The scorpion stings you.
* * * LOW HITPOINT WARNING * * *
You are more poisoned.
The scorpion poisons you!
You hit the scorpion but do no damage.
The scorpion looks as sick as possible!
The scorpion is severely wounded.
* * * LOW HITPOINT WARNING * * *
You feel very sick. The scorpion is struck by your spines.
You kill the scorpion!
You have reached level 6!
Your demonic ancestry asserts itself...
Sharp spines emerge from more of your body.
You die...

##.....## ##.......## #.........#
#..)......# #.........#
#.........# ## #.........# .####
#......<.># ####### #
....#####.......@.# #.....# #
....).............# ###.....# #
.###..##..........# #.......# ##
.# ##.##......<...# #.#.....# #.
.####............## ##.###.#####.
.##...##.##.....## #..#.........
.##.####..##..#.## #.#........##
.#..#####.###....####...........#
...#......# ##..###..........†..#


There were no monsters in sight!

Vanquished Creatures
  Sigmund (D:2)
  A scorpion (D:3)
  2 adders
  An ufetubus (D:3)
  3 worms
  2 orcs
  8 endoplasms
  4 giant cockroaches
  2 goblins (D:3)
  6 hobgoblins
  5 jackals (D:3)
  8 kobolds
  A quokka (D:2)
  3 ball pythons
  7 bats
  5 frilled lizards
  5 rats
64 creatures vanquished.

Vanquished Creatures (others)
  2 plants (D:2)
2 creatures vanquished.

Grand Total: 66 creatures vanquished

Notes
Turn   | Place    | Note
-------+----------+-------------------------------------------
     0 | D:1      | ryw the Demonspawn Monk began the quest for the Orb.
     0 | D:1      | Reached XP level 1. HP: 18/18 MP: 1/1
   284 | D:1      | Gained mutation: You are partially covered in sharp spines.
                  | [demonic ancestry]
   284 | D:1      | Reached XP level 2. HP: 17/24 MP: 2/2
  1004 | D:2      | Noticed Sigmund
  1013 | D:3      | Reached XP level 3. HP: 23/29 MP: 3/3
  1465 | D:2      | Found a faded altar of an unknown god.
  2138 | D:2      | Found Jikyuh's Assorted Antiques.
  2242 | D:2      | Killed Sigmund
  2243 | D:2      | Gained mutation: You have a pair of small horns on your
                  | head. [demonic ancestry]
  2243 | D:2      | Reached XP level 4. HP: 14/37 MP: 4/4
  2243 | D:2      | Reached XP level 5. HP: 16/42 MP: 5/5
  2887 | D:3      | Found an ornate altar of the Wu Jian Council.
  2888 | D:3      | Found a stormy altar of Qazlal.
  3117 | D:3      | Found a burning altar of Makhleb.
  3277 | D:4      | Noticed Ijyb
  3349 | D:3      | HP: 2/43 [poisoned by a scorpion]
  3350 | D:3      | Gained mutation: You are mostly covered in sharp spines.
                  | [demonic ancestry]
  3350 | D:3      | Reached XP level 6. HP: 2/50 MP: 6/6
  3350 | D:3      | Succumbed to a scorpion's poison

Illustrated notes

Levels and vault maps discovered:
D:1:      scummos_arrival_gate, layout_basic
D:2:      layout_rooms, basic_altar, serial_shops, shop,
          hellmonk_ecumenical_altar_blasted, corexii_shack,
          hangedman_decor_points, uniq_sigmund
D:3:      minmay_inner_zag, layout_rooms, bloody_makhleb,
          mainiacjoe_overflow_divided_tiny
D:4:      corexii_shantytown, layout_basic, trog_hazing_becter, uniq_menkaure,
          uniq_duvessa, uniq_ijyb

Skill      XL: |  1  2  3  4  5 |
---------------+----------------+-----
Unarmed Combat | 3 4 |  4.5
Armour         | 2 |  2.3
Fighting       | 4 |  4.8
Dodging        | |  2.6
Stealth        | |  1.7

Action                   |  1- 3 |  4- 6 || total
-------------------------+-------+-------++-------
Melee: Unarmed           |   103 |    12 ||   115
       Dagger            |       |    32 ||    32
       Headbutt          |       |     7 ||     7
       Punch             |       |     3 ||     3
  Use: Potion            |     7 |       ||     7
 Stab: Sleeping          |     1 |     5 ||     6
Armor: Chain mail        |    47 |       ||    47
       Robe              |     1 |    11 ||    12
Dodge: Dodged            |    24 |    17 ||    41

Table legend: (Time is in decaauts)
 A = Elapsed time spent in this place.
 B = Non-inter-level travel time spent in this place.
 C = Inter-level travel time spent in this place.
 D = Time resting spent in this place.
 E = Time spent auto-exploring this place.
 F = Levels seen in this place.
 G = Mean time per level.
                   A        B        C        D        E       F      G
               +--------+--------+--------+--------+--------+-----+--------+
         Total |   3350 |   3096 |    254 |   1008 |   1522 |   4 |  837.5 |
       Dungeon |   3350 |   3096 |    254 |   1008 |   1522 |   4 |  837.5 |
               +--------+--------+--------+--------+--------+-----+--------+

Top non-repeatable levels by time:
     D:1: 1649 daAuts
     D:3: 963 daAuts
     D:2: 727 daAuts
     D:4: 9 daAuts
